 Dungeon Crawl Stone Soup version 0.28.0-62-gf88900778d (webtiles) character file.

Game seed: 9668037390566238195

78 Coron the Sneak (level 4, 27/42 HPs)
             Began as a Deep Dwarf Delver on Apr 3, 2023.
             Quit the game on level 5 of the Dungeon.
             The game lasted 00:00:43 (83 turns).

Coron the Sneak (Deep Dwarf Delver)                   Turns: 83, Time: 00:00:43

Health: 27/42      AC:  3    Str: 18    XL:     4   Next: 15%
Magic:  4/4        EV: 12    Int: 10    God:
Gold:   0          SH:  0    Dex: 14    Spells: 3/3 levels left

rFire   . . .      SeeInvis .   a - +0 hand axe
rCold   . . .      Faith    .   (no shield)
rNeg    . . .      Spirit   .   b - +0 leather armour
rPois   .          Reflect  .   (no helmet)
rElec   .          Harm     .   (no cloak)
rCorr   .          Rampage  .   (no gloves)
Will    .....                   (no boots)
Stlth   +++.......              (no amulet)
HPRegen 0.00/turn               (no ring)
MPRegen 0.09/turn               (no ring)

@: no status effects
A: damage resistance, heal wounds, sense surroundings 1, no regeneration
a: Heal Wounds


You were on level 5 of the Dungeon.
You visited 1 branch of the dungeon, and saw 1 of its levels.

Inventory:

Hand Weapons
 a - a +0 hand axe (weapon)
Armour
 b - a +0 leather armour (worn)
Wands
 g - a wand of digging (3)
Scrolls
 c - a scroll of fog
 d - a scroll of magic mapping
 e - a scroll of fear
Potions
 f - a potion of haste


   Skills:
 + Level 3.2 Fighting
 + Level 3.0 Axes
 + Level 3.1 Dodging
 + Level 6.6 Stealth


You had 3 spell levels left.
You didn't know any spells.
Your spell library was empty.

Dungeon Overview and Level Annotations

Branches:
Dungeon (5/15)
 Temple: D:4-7

Altars:


Innate Abilities, Weirdness & Mutations

You are resistant to damage.
You can heal yourself by infusing magical energy.
You passively map a small area around you.
You do not regenerate.


Message History

The centaur barely misses you. The centaur misses you.
Okay, then.
Okay, then.
You feel much better. The centaur completely misses you.
The centaur kicks you but does no damage.
The centaur closely misses you. The centaur barely misses you.
You completely miss the centaur.
The centaur is heavily wounded.
The centaur hits you.
The centaur kicks you but does no damage.
You hit the centaur.
The centaur is severely wounded.
The centaur hits you. The centaur kicks you. The centaur barely misses you.
The centaur kicks you but does no damage.
You hit the centaur but do no damage.
The centaur is severely wounded.
The centaur barely misses you.
The centaur kicks you but does no damage.
The centaur barely misses you. The centaur kicks you.
You hit the centaur.
The centaur is almost dead.
The centaur closely misses you. The centaur misses you. The centaur hits you.
The centaur kicks you.
You hit the centaur.
The centaur is almost dead.
The centaur barely misses you. The centaur kicks you.
The centaur barely misses you. The centaur closely misses you.
You hit the centaur.
You kill the centaur!
Your Fighting skill increases to level 3!
Your Axes skill increases to level 3!
Your Dodging skill increases to level 3!
You have reached level 2!
You have reached level 3!
Your experience leads to an increase in your attributes!
Increase (S)trength, (I)ntelligence, or (D)exterity?
You feel stronger. x2
You have reached level 4!
You feel stronger.
Are you sure you want to abandon this character and quit the game? (Confirm with "yes".)

*
###.###.#..##.####
* #.# #.#..##.# ,
, #.# #.##.##.# *
* ** #.# #...>...#
,* #.# #######.#
,* #.# #.# #.# #.#
.########.# #.#
......)@..# #.#
########### #.#
#.# #.# ###


There were no monsters in sight!

Vanquished Creatures
  A centaur (D:5)
1 creature vanquished.

Notes
Turn   | Place    | Note
-------+----------+-------------------------------------------
     0 | D:5      | Coron the Deep Dwarf Delver began the quest for the Orb.
     0 | D:5      | Reached XP level 1. HP: 20/20 MP: 1/1
    10 | D:5      | Noticed a sky beast
    65 | D:5      | Noticed a centaur
    82 | D:5      | Killed a centaur
    83 | D:5      | Reached XP level 2. HP: 18/28 MP: 2/2
    83 | D:5      | Reached XP level 3. HP: 22/34 MP: 3/3
    83 | D:5      | Reached XP level 4. HP: 27/42 MP: 4/4
    83 | D:5      | Quit the game

Illustrated notes

Levels and vault maps discovered:
D:5:      layout_basic

Skill      XL: |  1 |
---------------+----+-----
Fighting       | 3 |  3.2
Axes           | 3 |  3.0
Dodging        | 3 |  3.1
Stealth        | |  6.6

Action                   |  1- 3 |  4- 6 || total
-------------------------+-------+-------++-------
Melee: Hand axe          |    14 |       ||    14
 Abil: Heal Wounds       |     1 |       ||     1
Armor: Leather armour    |     5 |       ||     5
Dodge: Dodged            |    34 |       ||    34
